 Dungeon Crawl Stone Soup version 0.17.0-22-g5edae84 (webtiles) character file.

350 Karnex the Ducker (level 6, 0/53 HPs)
             Began as a Draconian Berserker on Nov 13, 2015.
             Was a Priest of Trog.
             Slain by a worker ant (7 damage)
             ... while paralysed
             ... on level 4 of the Dungeon.
             The game lasted 00:22:07 (3526 turns).

Karnex the Ducker (Draconian Berserker)             Turns: 3526, Time: 00:22:07

Health: 0/53       AC:  6    Str: 21      XL:     6   Next: 34%
Magic:  6/6        EV:  2    Int:  4 (7)  God:    Trog [***...]
Gold:   161        SH:  0    Dex: 11      Spells: 0 memorised, 5 levels left

rFire  . . .     SeeInvis .     D - +0 trident
rCold  . . .     Clarity  .     (armour unavailable)
rNeg   . . .     SustAt   .     (no shield)
rPois  +         Gourm    .     (helmet restricted)
rElec  .         Spirit   .     (no cloak)
rCorr  .         Warding  .     (no gloves)
rMut   .         Stasis   .     (no boots)
MR     .....                    x - amulet of regeneration
Stlth  +.........               (no ring)
                                v - ring of poison resistance

@: paralysed, fainting, not resistant to hostile enchantments, very unstealthy
A: unfitting armour, cold-blooded, AC +6
a: Berserk, Trog's Hand, Burn Spellbooks, Renounce Religion


You were on level 4 of the Dungeon.
You worshipped Trog.
Trog was most pleased with you.
You were fainting.

You visited 1 branch of the dungeon, and saw 4 of its levels.

You collected 161 gold pieces.

Inventory:

Hand Weapons
 a - a +0 mace
 c - a +0 giant spiked club
 i - a +2 short sword of draining
 A - a +0 hunting sling
 D - a +0 trident (weapon)
Missiles
 g - 10 silver sling bullets
 o - 18 bolts
 y - 12 poisoned needles
 z - 62 stones (quivered)
Jewellery
 v - a ring of poison resistance (left hand)
 x - an amulet of regeneration (around neck)
Scrolls
 d - a scroll of fog {unknown}
 f - 4 scrolls of identify {unknown}
 h - a scroll of enchant armour {unknown}
 j - a scroll of random uselessness {unknown}
 m - 2 scrolls of teleportation {unknown}
 q - a scroll of amnesia {unknown}
 r - a scroll of magic mapping {unknown}
 u - a scroll of enchant weapon {unknown}
 w - a scroll of immolation {unknown}
 B - a scroll of remove curse {unknown}
Potions
 e - 3 potions of brilliance
 k - a potion of flight
 s - a potion of invisibility
Comestibles
 b - 3 bread rations
 l - 9 fruits
 n - a chunk of flesh
 p - a beef jerky
 C - 2 meat rations


   Skills:
 * Level 4.6 Fighting
 + Level 2.0 Short Blades
 + Level 3.4 Maces & Flails
 * Level 1.5 Polearms
 * Level 4.9 Dodging
 + Level 0.4 Stealth


You had 5 spell levels left.
You didn't know any spells.

Dungeon Overview and Level Annotations

Branches:
Dungeon (4/15)             Temple (0/1) D:4

Altars:
Ashenzari
Elyvilon
Okawaru
Qazlal
Yredelemnul
Zin


Innate Abilities, Weirdness & Mutations

Your plain brown scales are hard (AC +6).
Your body does not fit into most forms of armour.
You are cold-blooded and may be slowed by cold attacks.


Message History

The worker ant bites you but does no damage.
The worker ant bites you. x3
You feel sick. The worker ant bites you.
* * * LOW HITPOINT WARNING * * *
The worker ant bites you but does no damage.
The worker ant bites you but does no damage.
The worker ant bites you.
* * * LOW HITPOINT WARNING * * *
The worker ant bites you.
* * * LOW HITPOINT WARNING * * *
You feel sick.
You are no longer poisoned.
The worker ant bites you.
* * * LOW HITPOINT WARNING * * *
The worker ant bites you.
* * * LOW HITPOINT WARNING * * *
The worker ant bites you.
* * * LOW HITPOINT WARNING * * *
The worker ant bites you!
You die...

.._...... #. ....^§≈§.
#..# #..^#.^≈ # #.≈#
#≈...^# .# ###
#..###^..≈##^.# #..##
#..≈.≈...^^≈# #..##
#.........##..#
###..#####......@a....#
.........#.###...###.##
....####...# #.⌠.#
....# #....###...###.#
....# #.##...........#
........ #..⌠..>..⌠.##
........#...........#
...........###...####
...#...#.#.# #.⌠.#


You could see a worker ant.

Vanquished Creatures
  A phantom (D:2)
  An ogre (D:3)
  5 adders
  2 oozes
  3 worms
  3 giant geckos
  6 orcs (D:3)
  5 ball pythons
  8 giant cockroaches
  13 hobgoblins
  4 jackals (D:2)
  12 kobolds
  3 quokkas (D:2)
  8 bats
  5 giant newts
  9 goblins
  5 rats
  A bush (D:2)
94 creatures vanquished.

Vanquished Creatures (others)
  A plant (D:2)
1 creature vanquished.

Grand Total: 95 creatures vanquished

Notes
Turn   | Place    | Note
--------------------------------------------------------------
     0 | D:1      | Karnex the Draconian Berserker began the quest for the Orb.
     0 | D:1      | Reached XP level 1. HP: 19/19 MP: 1/1
   219 | D:1      | Reached XP level 2. HP: 24/26 MP: 2/2
   374 | D:1      | Found a shattered altar of Ashenzari.
   586 | D:1      | Reached XP level 3. HP: 29/31 MP: 3/3
   860 | D:2      | Reached ** piety under Trog
  1183 | D:2      | Reached skill level 4 in Fighting
  1272 | D:2      | Reached XP level 4. HP: 40/40 MP: 4/4
  1357 | D:2      | Reached skill level 1 in Short Blades
  1358 | D:2      | Found an iron altar of Okawaru.
  1358 | D:2      | Found a glowing silver altar of Zin.
  1358 | D:2      | Found a basalt altar of Yredelemnul.
  2282 | D:2      | Noticed a phantom
  2368 | D:2      | Killed a phantom
  2368 | D:2      | Reached XP level 5. HP: 37/46 MP: 5/5
  2500 | D:3      | Found a faded altar to an unknown god.
  2520 | D:3      | Reached *** piety under Trog
  2581 | D:3      | Found a white marble altar of Elyvilon.
  3164 | D:4      | Noticed a phantom
  3186 | D:4      | Noticed an ogre
  3356 | D:3      | Killed an ogre
  3356 | D:3      | Reached skill level 1 in Polearms
  3356 | D:3      | Reached XP level 6. HP: 28/53 MP: 6/6
  3493 | D:4      | Found a staircase to the Ecumenical Temple.
  3512 | D:4      | Found a stormy altar of Qazlal.
  3526 | D:4      | Slain by a worker ant

Action                   |  1- 3 |  4- 6 || total
-------------------------+-------+-------++-------
Melee: Mace              |    11 |       ||    11
       Short sword       |    95 |   258 ||   353
       Trident           |       |   101 ||   101
Invok: Trog's Hand       |     1 |       ||     1
       Berserk           |       |     3 ||     3
  Use: Potion            |       |     7 ||     7
  Eat: Chunk             |     1 |    10 ||    11
